[ AOE2 MATCH · #478648140 ]
UnrankedCumans vs Poles
[ REPLAY ANALYSIS · EXTRACTED FROM THE RECORDED GAME ]
Feudal
11:29
Castle
27:55
Imperial
39:22
| APM avg | 45.3 |
| APM peak | 95 |
| eAPM avg | 26.5 |
| Villagers / military | 205 / 279 |
Focus
⚔️ 31.4% · 🌾 68.6%
Knight ×183 · Scout Cavalry ×41 · Battering Ram ×33 · Camel Scout ×20 · Trebuchet (Packed) ×2
Feudal
12:18
Castle
16:21
Imperial
41:29
| APM avg | 36.2 |
| APM peak | 83 |
| eAPM avg | 19.4 |
| Villagers / military | 116 / 314 |
Focus
⚔️ 48.0% · 🌾 52.0%
Knight ×210 · Scout Cavalry ×75 · Battering Ram ×18 · Mangonel ×4 · Trebuchet (Packed) ×4 · Obuch ×3
Feudal
13:37
Castle
18:45
Imperial
32:31
| APM avg | 11.2 |
| APM peak | 26 |
| eAPM avg | 9.9 |
| Villagers / military | 156 / 137 |
Focus
⚔️ 33.7% · 🌾 66.3%
Hussite Wagon ×70 · Bombard Cannon ×26 · Knight ×17 · Monk ×10 · Mangonel ×7 · Petard ×6
Feudal
12:18
Castle
15:50
Imperial
38:10
| APM avg | 41.2 |
| APM peak | 92 |
| eAPM avg | 20.8 |
| Villagers / military | 143 / 186 |
Focus
⚔️ 36.9% · 🌾 63.1%
Spearman ×99 · Tarkan ×61 · Scout Cavalry ×9 · Trebuchet (Packed) ×6 · Archer ×4 · Petard ×4
Feudal
12:40
Castle
34:52
Imperial
—
| APM avg | 12.2 |
| APM peak | 30 |
| eAPM avg | 10.9 |
| Villagers / military | 86 / 136 |
Focus
⚔️ 33.0% · 🌾 67.0%
Spearman ×73 · Huskarl ×36 · Militia ×18 · Skirmisher ×5 · Battering Ram ×4 · Trade Cart ×3
Feudal
11:11
Castle
24:20
Imperial
36:58
| APM avg | 35.7 |
| APM peak | 82 |
| eAPM avg | 22.5 |
| Villagers / military | 129 / 320 |
Focus
⚔️ 37.3% · 🌾 62.7%
Archer ×138 · Spearman ×119 · Knight ×45 · Battering Ram ×9 · Trebuchet (Packed) ×9
Feudal
—
Castle
—
Imperial
—
| APM avg | 15.3 |
| APM peak | 36 |
| eAPM avg | 9.1 |
| Villagers / military | 71 / 104 |
Focus
⚔️ 38.2% · 🌾 61.8%
Militia ×40 · Hussite Wagon ×25 · Trade Cart ×18 · Mangonel ×12 · Bombard Cannon ×9 · Spearman ×7
Feudal
10:30
Castle
18:14
Imperial
29:54
| APM avg | 8.8 |
| APM peak | 70 |
| eAPM avg | 5.9 |
| Villagers / military | 107 / 35 |
Focus
⚔️ 16.6% · 🌾 83.4%
Ballista Elephant ×33 · Trade Cart ×10 · Trebuchet (Packed) ×2
Match map
Initial resources + every placement click. Lines = walls · curves = elevation contours. ◆ gold · ⬟ stone · ● berries · ✦ relic · ◌ wall gap
Your base· ✓ Closed at 27:55 · 0t walls · 3 gate(s)
Mr P00pee B H0le's base· ✓ Closed at 16:21 · 0t walls · 2 gate(s)
savvas1987's base· ✓ Closed at 18:45 · 0t walls · 3 gate(s)
BottleDry's base· ✓ Closed at 15:50 · 29t walls · 3 gate(s)
aggieben99's base· ✓ Closed at 34:52 · 0t walls · 1 gate(s)
Joshua420's base· ✓ Closed at 24:20 · 0t walls · 2 gate(s)
BattlePONY 775's base· ✓ Closed at 20:02 · 15t walls · 4 gate(s)
Supiluliuma's base· ✓ Closed at 18:14 · 0t walls · 2 gate(s)
Smoothed initial terrain · ◌ = detected wall gap · hover for details
Inputs per minute
— Chiquitajje - - Mr P00pee B H0le
Build order — Chiquitajje
First 150 of 428 actions detected
| 0:04 | Build | House |
| 0:05 | Build | House |
| 0:07 | Create | Villager (Male) |
| 0:07 | Create | Villager (Male) |
| 0:07 | Create | Villager (Male) |
| 0:10 | Create | Villager (Male) |
| 0:11 | Create | Villager (Male) |
| 1:47 | Create | Villager (Male) |
| 1:47 | Create | Villager (Male) |
| 1:54 | Build | Lumber Camp |
| 1:59 | Create | Villager (Male) |
| 1:59 | Create | Villager (Male) |
| 2:39 | Create | Villager (Male) |
| 2:40 | Create | Villager (Male) |
| 3:02 | Create | Villager (Male) |
| 3:02 | Create | Villager (Male) |
| 3:02 | Create | Villager (Male) |
| 3:10 | Build | House |
| 3:36 | Create | Villager (Male) |
| 3:36 | Create | Villager (Male) |
| 4:08 | Create | Villager (Male) |
| 4:08 | Create | Villager (Male) |
| 4:19 | Create | Villager (Male) |
| 4:19 | Create | Villager (Male) |
| 5:00 | Create | Villager (Male) |
| 5:01 | Create | Villager (Male) |
| 5:28 | Create | Villager (Male) |
| 5:30 | Build | House |
| 5:47 | Create | Villager (Male) |
| 5:47 | Create | Villager (Male) |
| 5:48 | Create | Villager (Male) |
| 5:51 | Create | Villager (Male) |
| 5:52 | Create | Villager (Male) |
| 5:56 | Build | House |
| 6:25 | Create | Villager (Male) |
| 7:11 | Create | Villager (Male) |
| 7:23 | Create | Villager (Male) |
| 7:36 | Build | Mill |
| 7:41 | Create | Villager (Male) |
| 7:55 | Create | Villager (Male) |
| 8:38 | Create | Villager (Male) |
| 8:57 | Research | Feudal Age |
| 8:58 | Research | Feudal Age |
| 9:02 | Build | Mining Camp |
| 9:33 | Create | Villager (Male) |
| 9:46 | Build | House |
| 9:48 | Build | House |
| 10:26 | Research | Loom |
| 10:29 | Create | Villager (Male) |
| 11:29 | Age | Feudal Age |
| 11:34 | Build | Blacksmith |
| 11:38 | Research | Double-Bit Axe |
| 11:40 | Create | Villager (Male) |
| 11:41 | Create | Villager (Male) |
| 12:22 | Build | Siege Workshop |
| 12:31 | Research | Town Watch |
| 12:39 | Build | Town Center |
| 12:50 | Create | Villager (Male) |
| 12:58 | Create | Battering Ram |
| 12:59 | Create | Battering Ram |
| 13:17 | Build | House |
| 13:42 | Create | Villager (Male) |
| 13:42 | Create | Villager (Male) |
| 13:42 | Create | Villager (Male) |
| 13:43 | Create | Villager (Male) |
| 13:50 | Research | Horse Collar |
| 14:45 | Build | Barracks |
| 15:30 | Create | Battering Ram |
| 16:07 | Create | Villager (Male) |
| 16:07 | Create | Villager (Male) |
| 16:50 | Create | Battering Ram |
| 16:51 | Create | Battering Ram |
| 16:53 | Create | Villager (Male) |
| 16:54 | Create | Villager (Male) |
| 16:54 | Create | Villager (Male) |
| 17:09 | Build | Farm |
| 17:18 | Build | Farm |
| 17:19 | Build | Farm |
| 17:19 | Build | Farm |
| 17:20 | Build | Farm |
| 17:20 | Build | Farm |
| 17:20 | Build | Farm |
| 17:20 | Build | Farm |
| 17:21 | Build | Farm |
| 17:21 | Build | Farm |
| 18:24 | Create | Villager (Male) ×5 |
| 18:25 | Create | Villager (Male) ×5 |
| 18:28 | Build | Farm |
| 18:28 | Build | Farm |
| 18:29 | Build | Farm |
| 18:29 | Build | Farm |
| 18:29 | Build | Farm |
| 18:29 | Build | Farm |
| 18:30 | Build | Farm |
| 18:35 | Build | Farm |
| 18:35 | Build | Farm |
| 18:59 | Create | Battering Ram |
| 19:20 | Create | Villager (Male) |
| 19:26 | Build | Stable |
| 19:28 | Build | Stable |
| 19:35 | Create | Villager (Male) |
| 19:48 | Build | Outpost |
| 19:52 | Build | Outpost |
| 20:22 | Create | Villager (Male) |
| 20:25 | Create | Villager (Male) |
| 20:36 | Build | Outpost |
| 20:52 | Build | Stable |
| 20:54 | Build | Stable |
| 20:55 | Build | Stable |
| 21:01 | Create | Villager (Male) |
| 21:02 | Create | Villager (Male) |
| 21:03 | Create | Villager (Male) |
| 21:05 | Build | Farm |
| 21:05 | Build | Farm |
| 21:06 | Build | Farm |
| 21:06 | Build | Farm |
| 21:06 | Build | Farm |
| 21:07 | Build | Farm |
| 21:07 | Build | Farm |
| 21:12 | Build | Mining Camp |
| 21:25 | Create | Villager (Male) |
| 21:27 | Create | Villager (Male) |
| 21:31 | Build | House |
| 21:34 | Build | House |
| 21:35 | Build | House |
| 21:36 | Build | House |
| 22:03 | Research | Bloodlines |
| 22:09 | Build | Lumber Camp |
| 22:18 | Build | Farm |
| 22:19 | Create | Villager (Male) ×2 |
| 22:26 | Create | Villager (Male) ×5 |
| 22:34 | Create | Villager (Male) ×5 |
| 23:00 | Build | Outpost |
| 23:01 | Build | Outpost |
| 23:09 | Build | Stable |
| 23:28 | Create | Villager (Male) ×5 |
| 23:38 | Create | Villager (Male) |
| 23:38 | Create | Villager (Male) |
| 23:46 | Build | Market |
| 24:03 | Build | Stable |
| 24:12 | Create | Scout Cavalry |
| 24:19 | Create | Villager (Male) |
| 24:19 | Create | Villager (Male) |
| 24:24 | Build | Outpost |
| 24:50 | Create | Villager (Male) |
| 24:51 | Create | Villager (Male) |
| 24:57 | Research | Castle Age |
| 24:58 | Research | Castle Age |
| 25:10 | Research | Stone Mining |
| 25:22 | Build | House |
Build order — Mr P00pee B H0le
First 150 of 599 actions detected
| 0:01 | Create | Villager (Male) |
| 0:02 | Create | Villager (Male) |
| 0:02 | Create | Villager (Male) |
| 0:04 | Build | House |
| 0:05 | Build | House |
| 1:06 | Create | Villager (Male) |
| 1:30 | Create | Villager (Male) |
| 1:52 | Build | Lumber Camp |
| 1:54 | Create | Villager (Male) |
| 2:34 | Create | Villager (Male) |
| 2:56 | Create | Villager (Male) |
| 3:27 | Create | Villager (Male) |
| 3:27 | Create | Villager (Male) |
| 3:46 | Create | Villager (Male) |
| 3:51 | Build | House |
| 3:54 | Build | House |
| 4:08 | Build | Mill |
| 4:18 | Create | Villager (Male) |
| 4:18 | Create | Villager (Male) |
| 4:35 | Create | Villager (Male) |
| 5:04 | Create | Villager (Male) |
| 5:51 | Create | Villager (Male) |
| 5:51 | Create | Villager (Male) |
| 5:52 | Create | Villager (Male) |
| 6:51 | Create | Villager (Male) |
| 6:51 | Create | Villager (Male) |
| 6:51 | Create | Villager (Male) |
| 7:22 | Create | Villager (Male) |
| 7:42 | Build | House |
| 7:45 | Build | House |
| 8:17 | Create | Villager (Male) |
| 8:18 | Create | Villager (Male) |
| 9:02 | Create | Villager (Male) |
| 9:02 | Create | Villager (Male) |
| 9:06 | Research | Feudal Age |
| 9:20 | Build | Farm |
| 9:23 | Build | Farm |
| 9:26 | Build | Farm |
| 9:30 | Build | Mining Camp |
| 11:52 | Create | Villager (Male) |
| 11:52 | Create | Villager (Male) |
| 12:18 | Age | Feudal Age |
| 12:36 | Build | Market |
| 12:40 | Build | Blacksmith |
| 13:14 | Create | Villager (Male) |
| 13:41 | Research | Castle Age |
| 13:48 | Build | Farm |
| 13:49 | Build | Farm |
| 13:51 | Build | Farm |
| 13:52 | Build | Farm |
| 13:54 | Build | Farm |
| 13:59 | Research | Horse Collar |
| 13:59 | Research | Double-Bit Axe |
| 14:21 | Build | Lumber Camp |
| 15:44 | Build | Barracks |
| 15:51 | Create | Villager (Male) |
| 15:52 | Create | Villager (Male) |
| 16:03 | Build | House |
| 16:04 | Build | House |
| 16:05 | Build | House |
| 16:18 | Research | Loom |
| 16:18 | Create | Villager (Male) |
| 16:21 | Age | Castle Age |
| 16:35 | Build | Castle |
| 17:07 | Build | Stable |
| 17:08 | Build | Stable |
| 17:34 | Build | Mining Camp |
| 17:37 | Create | Villager (Male) |
| 17:38 | Create | Villager (Male) |
| 17:59 | Build | Mining Camp |
| 18:16 | Research | Forging |
| 18:17 | Research | Scale Barding Armor |
| 18:38 | Create | Knight |
| 18:38 | Create | Knight |
| 18:45 | Create | Knight |
| 18:45 | Create | Knight |
| 18:51 | Create | Villager (Male) |
| 18:51 | Create | Villager (Male) |
| 19:28 | Create | Knight |
| 19:28 | Create | Knight |
| 19:31 | Create | Villager (Male) |
| 19:31 | Create | Villager (Male) |
| 19:42 | Create | Knight |
| 20:33 | Create | Knight |
| 20:34 | Create | Knight |
| 21:19 | Create | Villager (Male) |
| 21:19 | Create | Villager (Male) |
| 22:15 | Create | Villager (Male) |
| 22:15 | Create | Villager (Male) |
| 22:31 | Build | Mining Camp |
| 22:45 | Build | Town Center |
| 22:51 | Create | Knight |
| 22:51 | Create | Knight |
| 22:55 | Create | Villager (Male) |
| 23:33 | Create | Villager (Male) |
| 23:33 | Create | Villager (Male) |
| 23:50 | Build | Mill |
| 23:51 | Build | Farm |
| 23:51 | Build | Farm |
| 23:51 | Build | Farm |
| 24:10 | Create | Villager (Male) |
| 24:14 | Research | Iron Casting |
| 24:28 | Build | Siege Workshop |
| 24:33 | Create | Villager (Male) |
| 24:33 | Create | Villager (Male) |
| 24:34 | Create | Villager (Male) |
| 24:40 | Build | Farm |
| 24:43 | Build | Farm |
| 24:48 | Build | Farm |
| 24:52 | Build | Farm |
| 24:55 | Build | Farm |
| 24:58 | Create | Villager (Male) |
| 25:28 | Create | Villager (Male) |
| 25:28 | Create | Villager (Male) |
| 25:28 | Create | Villager (Male) |
| 25:29 | Create | Villager (Male) |
| 25:40 | Build | Town Center |
| 25:50 | Create | Villager (Male) |
| 26:01 | Create | Villager (Male) |
| 26:19 | Research | Wheelbarrow |
| 26:23 | Create | Villager (Male) |
| 26:25 | Create | Villager (Male) |
| 26:35 | Create | Knight |
| 26:36 | Create | Knight |
| 26:48 | Create | Villager (Male) |
| 27:10 | Create | Villager (Male) |
| 27:11 | Create | Villager (Male) |
| 27:50 | Create | Villager (Male) |
| 27:51 | Create | Villager (Male) |
| 28:11 | Build | Mill |
| 28:11 | Build | Farm |
| 28:12 | Build | Farm |
| 28:12 | Build | Farm |
| 28:12 | Build | Farm |
| 28:13 | Build | Farm |
| 28:13 | Build | Farm |
| 28:14 | Build | Farm |
| 28:15 | Build | Farm |
| 28:25 | Create | Villager (Male) |
| 28:26 | Create | Villager (Male) |
| 28:26 | Create | Villager (Male) |
| 28:36 | Research | Szlachta Privileges |
| 28:46 | Create | Villager (Male) |
| 28:46 | Create | Villager (Male) |
| 28:53 | Build | Farm |
| 29:03 | Create | Villager (Male) |
| 29:03 | Create | Villager (Male) |
| 29:17 | Research | Bloodlines |
| 29:35 | Create | Battering Ram |
| 29:38 | Create | Villager (Male) |
Build order — savvas1987
First 150 of 372 actions detected
| 0:04 | Create | Villager (Male) |
| 0:04 | Create | Villager (Male) |
| 0:04 | Create | Villager (Male) |
| 0:05 | Create | Villager (Male) |
| 0:10 | Build | House |
| 0:37 | Build | House |
| 0:40 | Build | House |
| 0:43 | Build | House |
| 1:58 | Create | Villager (Male) |
| 2:25 | Create | Villager (Male) |
| 2:47 | Build | Lumber Camp |
| 2:52 | Create | Villager (Male) |
| 3:19 | Create | Villager (Male) |
| 3:41 | Create | Villager (Male) |
| 3:57 | Create | Villager (Male) |
| 4:20 | Create | Villager (Male) |
| 4:55 | Create | Villager (Male) |
| 5:11 | Create | Villager (Male) |
| 5:50 | Create | Villager (Male) |
| 5:50 | Create | Villager (Male) |
| 5:51 | Create | Villager (Male) |
| 6:00 | Create | Villager (Male) |
| 6:02 | Create | Villager (Male) |
| 6:21 | Build | Mill |
| 7:38 | Build | House |
| 7:41 | Build | House |
| 7:43 | Build | House |
| 8:07 | Create | Villager (Male) |
| 8:10 | Create | Villager (Male) |
| 8:44 | Create | Villager (Male) |
| 8:44 | Create | Villager (Male) |
| 8:45 | Create | Villager (Male) |
| 8:45 | Create | Villager (Male) |
| 8:46 | Create | Villager (Male) |
| 8:56 | Create | Villager (Male) |
| 9:30 | Build | House |
| 9:34 | Build | House |
| 9:37 | Build | House |
| 9:40 | Build | House |
| 9:44 | Build | Barracks |
| 11:00 | Research | Feudal Age |
| 11:57 | Create | Villager (Male) |
| 12:02 | Create | Villager (Male) |
| 12:40 | Create | Villager (Male) |
| 12:51 | Build | Farm |
| 13:00 | Build | Farm |
| 13:16 | Build | Farm |
| 13:23 | Build | Farm |
| 13:33 | Build | Farm |
| 13:37 | Age | Feudal Age |
| 13:41 | Build | Farm |
| 13:45 | Build | Archery Range |
| 13:48 | Build | Stable |
| 14:01 | Build | Farm |
| 14:09 | Build | Farm |
| 14:21 | Build | Farm |
| 15:21 | Build | Farm |
| 15:56 | Build | Farm |
| 16:02 | Build | Farm |
| 16:05 | Research | Castle Age |
| 16:10 | Build | Farm |
| 16:16 | Build | Farm |
| 16:21 | Build | Farm |
| 16:27 | Build | Farm |
| 16:33 | Build | Farm |
| 17:39 | Build | Blacksmith |
| 18:45 | Age | Castle Age |
| 18:49 | Build | Town Center |
| 18:52 | Create | Villager (Male) |
| 18:52 | Create | Villager (Male) |
| 18:52 | Create | Villager (Male) |
| 18:53 | Create | Villager (Male) |
| 18:53 | Create | Villager (Male) |
| 19:02 | Build | Monastery |
| 20:26 | Build | Town Center |
| 20:36 | Create | Villager (Male) |
| 20:36 | Create | Villager (Male) |
| 20:37 | Create | Villager (Male) |
| 20:37 | Create | Villager (Male) |
| 20:37 | Create | Villager (Male) |
| 20:45 | Create | Villager (Male) |
| 20:46 | Create | Villager (Male) |
| 20:46 | Create | Villager (Male) |
| 20:46 | Create | Villager (Male) |
| 20:47 | Create | Villager (Male) |
| 21:05 | Create | Monk |
| 21:40 | Build | House |
| 21:43 | Build | House |
| 21:48 | Build | University |
| 22:11 | Create | Knight |
| 22:23 | Create | Villager (Male) |
| 22:24 | Create | Villager (Male) |
| 22:24 | Create | Villager (Male) |
| 22:24 | Create | Villager (Male) |
| 22:24 | Create | Villager (Male) |
| 22:41 | Create | Monk |
| 23:04 | Create | Villager (Male) |
| 23:05 | Create | Villager (Male) |
| 23:05 | Create | Villager (Male) |
| 23:05 | Create | Villager (Male) |
| 23:05 | Create | Villager (Male) |
| 23:27 | Build | Town Center |
| 23:50 | Create | Villager (Male) |
| 23:50 | Create | Villager (Male) |
| 23:51 | Create | Villager (Male) |
| 23:59 | Create | Monk |
| 24:32 | Research | Chemistry |
| 24:39 | Build | Siege Workshop |
| 24:46 | Create | Villager (Male) |
| 24:46 | Create | Villager (Male) |
| 24:47 | Create | Villager (Male) |
| 24:47 | Create | Villager (Male) |
| 24:47 | Create | Villager (Male) |
| 24:47 | Create | Villager (Male) |
| 24:48 | Create | Villager (Male) |
| 24:48 | Create | Villager (Male) |
| 24:48 | Create | Villager (Male) |
| 24:48 | Create | Villager (Male) |
| 24:58 | Create | Villager (Male) |
| 24:58 | Create | Villager (Male) |
| 25:04 | Create | Villager (Male) |
| 25:44 | Create | Monk |
| 26:13 | Create | Mangonel |
| 26:28 | Build | House |
| 26:31 | Build | House |
| 27:14 | Build | Castle |
| 27:59 | Build | Town Center |
| 29:21 | Research | Imperial Age |
| 30:05 | Create | Villager (Male) |
| 30:05 | Create | Villager (Male) |
| 30:06 | Create | Villager (Male) |
| 30:06 | Create | Villager (Male) |
| 30:06 | Create | Villager (Male) |
| 30:22 | Create | Villager (Male) |
| 30:22 | Create | Villager (Male) |
| 30:22 | Create | Villager (Male) |
| 30:23 | Create | Villager (Male) |
| 30:23 | Create | Villager (Male) |
| 31:03 | Build | Market |
| 31:09 | Create | Hussite Wagon |
| 31:09 | Create | Hussite Wagon |
| 31:09 | Create | Hussite Wagon |
| 31:09 | Create | Hussite Wagon |
| 31:09 | Create | Hussite Wagon |
| 31:10 | Create | Hussite Wagon |
| 31:10 | Create | Hussite Wagon |
| 31:10 | Create | Hussite Wagon |
| 31:11 | Create | Hussite Wagon |
| 31:11 | Create | Hussite Wagon |
| 31:11 | Create | Hussite Wagon |
Build order — BottleDry
First 150 of 495 actions detected
| 0:01 | Create | Villager (Male) |
| 0:01 | Create | Villager (Male) |
| 0:01 | Create | Villager (Male) |
| 0:02 | Create | Villager (Male) |
| 0:02 | Create | Villager (Male) |
| 1:41 | Create | Villager (Male) |
| 2:01 | Create | Villager (Male) |
| 2:01 | Create | Villager (Male) |
| 2:07 | Build | Lumber Camp |
| 2:32 | Create | Villager (Male) |
| 2:52 | Create | Villager (Male) |
| 3:15 | Create | Villager (Male) |
| 3:40 | Create | Villager (Male) |
| 3:40 | Create | Villager (Male) |
| 4:15 | Create | Villager (Male) |
| 4:40 | Create | Villager (Male) |
| 4:50 | Build | Mill |
| 5:08 | Create | Villager (Male) |
| 5:24 | Create | Villager (Male) |
| 5:57 | Create | Villager (Male) |
| 5:57 | Create | Villager (Male) |
| 6:10 | Create | Villager (Male) |
| 6:24 | Build | Farm |
| 6:27 | Build | Farm |
| 6:36 | Create | Villager (Male) |
| 7:06 | Create | Villager (Male) |
| 7:19 | Build | Mining Camp |
| 7:45 | Create | Villager (Male) |
| 7:45 | Create | Villager (Male) |
| 8:33 | Create | Villager (Male) |
| 9:03 | Create | Villager (Male) |
| 9:23 | Create | Villager (Male) |
| 9:54 | Research | Feudal Age |
| 10:13 | Build | Mining Camp |
| 10:19 | Build | Mining Camp |
| 11:40 | Create | Villager (Male) |
| 11:40 | Create | Villager (Male) |
| 12:18 | Age | Feudal Age |
| 12:22 | Build | Blacksmith |
| 12:25 | Build | Market |
| 13:10 | Research | Castle Age |
| 13:33 | Build | Stone Wall |
| 13:36 | Build | Stone Wall |
| 13:58 | Build | Stone Wall |
| 14:06 | Create | Villager (Male) |
| 14:14 | Research | Stone Mining |
| 14:16 | Research | Double-Bit Axe |
| 14:19 | Research | Horse Collar |
| 15:22 | Create | Villager (Male) |
| 15:49 | Create | Villager (Male) |
| 15:50 | Age | Castle Age |
| 15:58 | Build | Barracks |
| 16:02 | Create | Villager (Male) |
| 16:10 | Build | Farm |
| 16:11 | Build | Farm |
| 16:12 | Build | Farm |
| 16:22 | Create | Villager (Male) |
| 16:24 | Research | Loom |
| 16:35 | Build | Town Center |
| 17:20 | Build | Archery Range |
| 17:24 | Create | Villager (Male) |
| 17:25 | Create | Villager (Male) |
| 17:34 | Research | Loom |
| 17:45 | Create | Archer |
| 17:45 | Create | Archer |
| 18:01 | Create | Villager (Male) |
| 18:05 | Create | Villager (Male) |
| 18:13 | Create | Villager (Male) |
| 18:20 | Create | Villager (Male) |
| 18:20 | Create | Villager (Male) |
| 18:26 | Create | Archer |
| 18:27 | Create | Archer |
| 18:40 | Build | Castle |
| 18:46 | Create | Villager (Male) |
| 18:57 | Build | Gate |
| 19:05 | Build | Gate |
| 19:11 | Build | Mining Camp |
| 19:24 | Create | Villager (Male) |
| 19:55 | Create | Tarkan |
| 19:55 | Create | Tarkan |
| 20:20 | Create | Tarkan |
| 20:32 | Build | Archery Range |
| 20:53 | Create | Villager (Male) |
| 21:15 | Create | Villager (Male) |
| 21:20 | Build | Mining Camp |
| 21:25 | Build | Farm |
| 21:26 | Build | Farm |
| 21:26 | Build | Farm |
| 21:26 | Build | Farm |
| 21:27 | Build | Farm |
| 21:51 | Create | Villager (Male) |
| 21:59 | Build | Stone Wall |
| 22:03 | Build | Stone Wall |
| 22:07 | Build | Farm |
| 22:19 | Build | Mining Camp |
| 22:36 | Create | Villager (Male) |
| 22:38 | Create | Villager (Male) |
| 22:54 | Create | Villager (Male) |
| 23:07 | Create | Villager (Male) |
| 23:07 | Create | Villager (Male) |
| 23:10 | Build | Farm |
| 23:14 | Create | Villager (Male) |
| 23:23 | Create | Villager (Male) |
| 23:31 | Build | Farm |
| 23:48 | Build | Gate |
| 23:50 | Create | Villager (Male) |
| 23:59 | Build | Mining Camp |
| 24:01 | Build | Farm |
| 24:02 | Create | Villager (Male) |
| 24:06 | Build | Farm |
| 24:14 | Create | Villager (Male) |
| 24:25 | Build | Castle |
| 24:49 | Create | Tarkan |
| 24:49 | Create | Tarkan |
| 24:54 | Create | Villager (Male) |
| 25:10 | Build | Mill |
| 25:11 | Build | Farm |
| 25:11 | Build | Farm |
| 25:12 | Build | Farm |
| 25:13 | Create | Villager (Male) |
| 25:18 | Create | Villager (Male) |
| 25:39 | Create | Petard |
| 25:48 | Create | Petard |
| 25:57 | Create | Tarkan |
| 26:02 | Build | Farm |
| 26:04 | Build | Farm |
| 26:05 | Research | Scale Barding Armor |
| 26:07 | Create | Villager (Male) |
| 26:24 | Create | Villager (Male) |
| 26:26 | Create | Villager (Male) |
| 26:29 | Create | Villager (Male) |
| 26:30 | Create | Villager (Male) |
| 26:41 | Create | Petard |
| 27:01 | Build | Farm |
| 27:02 | Build | Farm |
| 27:02 | Build | Farm |
| 27:02 | Build | Farm |
| 27:03 | Build | Farm |
| 27:03 | Build | Farm |
| 27:08 | Create | Villager (Male) |
| 27:12 | Create | Villager (Male) |
| 27:16 | Create | Villager (Male) |
| 27:25 | Create | Villager (Male) |
| 27:33 | Create | Villager (Male) |
| 27:36 | Create | Petard |
| 27:41 | Build | Farm |
| 27:50 | Research | Forging |
| 27:52 | Create | Tarkan |
| 28:01 | Create | Villager (Male) |
| 28:10 | Build | Monastery |
Build order — aggieben99
First 150 of 313 actions detected
| 0:06 | Build | House |
| 0:08 | Build | House |
| 0:11 | Create | Villager (Male) |
| 0:12 | Create | Villager (Male) |
| 0:12 | Create | Villager (Male) |
| 0:12 | Create | Villager (Male) |
| 0:12 | Create | Villager (Male) |
| 0:13 | Research | Loom |
| 1:42 | Create | Villager (Male) |
| 2:31 | Build | Lumber Camp |
| 2:35 | Create | Villager (Male) |
| 2:36 | Create | Villager (Male) |
| 2:56 | Create | Villager (Male) |
| 2:56 | Create | Villager (Male) |
| 3:26 | Create | Villager (Male) |
| 3:50 | Create | Villager (Male) |
| 4:20 | Create | Villager (Male) |
| 4:51 | Build | House |
| 4:52 | Build | House |
| 5:04 | Create | Villager (Male) |
| 5:04 | Create | Villager (Male) |
| 5:39 | Create | Villager (Male) |
| 5:40 | Create | Villager (Male) |
| 5:40 | Create | Villager (Male) |
| 6:03 | Build | House |
| 6:14 | Create | Villager (Male) |
| 6:14 | Create | Villager (Male) |
| 6:51 | Build | Mill |
| 7:04 | Create | Villager (Male) |
| 7:04 | Create | Villager (Male) |
| 7:05 | Create | Villager (Male) |
| 7:29 | Create | Villager (Male) |
| 7:36 | Create | Villager (Male) |
| 8:03 | Create | Villager (Male) |
| 8:41 | Build | Mining Camp |
| 9:56 | Build | Farm |
| 9:59 | Build | Farm |
| 10:02 | Build | Farm |
| 10:11 | Build | Barracks |
| 10:30 | Research | Feudal Age |
| 10:57 | Build | Farm |
| 10:58 | Build | Farm |
| 11:00 | Build | Farm |
| 11:07 | Create | Villager (Male) |
| 11:39 | Create | Villager (Male) |
| 11:39 | Create | Villager (Male) |
| 11:53 | Build | Barracks |
| 11:58 | Create | Villager (Male) |
| 12:26 | Create | Villager (Male) |
| 12:26 | Create | Villager (Male) |
| 12:40 | Age | Feudal Age |
| 12:53 | Create | Spearman |
| 13:06 | Build | Barracks |
| 13:30 | Research | Double-Bit Axe |
| 13:36 | Build | House |
| 13:37 | Build | House |
| 13:39 | Build | House |
| 13:48 | Research | Man-at-Arms (upgrade) |
| 13:49 | Create | Militia |
| 13:49 | Create | Militia |
| 13:49 | Create | Militia |
| 13:49 | Create | Militia |
| 14:19 | Build | Mining Camp |
| 14:28 | Create | Militia |
| 14:28 | Create | Militia |
| 14:29 | Create | Militia |
| 14:31 | Create | Militia |
| 14:31 | Create | Militia |
| 15:16 | Build | Archery Range |
| 15:28 | Create | Militia |
| 15:28 | Create | Militia |
| 15:29 | Create | Militia |
| 15:29 | Create | Spearman |
| 15:30 | Create | Spearman |
| 15:30 | Create | Spearman |
| 15:31 | Create | Militia |
| 15:31 | Create | Militia |
| 15:32 | Create | Spearman |
| 16:06 | Create | Spearman |
| 16:06 | Create | Spearman |
| 16:06 | Create | Militia |
| 16:06 | Create | Militia |
| 16:20 | Create | Skirmisher |
| 16:21 | Create | Skirmisher |
| 16:31 | Build | Watch Tower |
| 16:41 | Create | Militia |
| 16:41 | Create | Militia |
| 17:09 | Create | Skirmisher |
| 17:09 | Create | Skirmisher |
| 17:09 | Create | Skirmisher |
| 21:33 | Build | Town Center |
| 23:51 | Create | Villager (Male) |
| 23:51 | Create | Villager (Male) |
| 23:52 | Create | Villager (Male) |
| 23:52 | Create | Villager (Male) |
| 23:52 | Create | Villager (Male) |
| 23:52 | Create | Villager (Male) |
| 23:53 | Create | Villager (Male) |
| 24:04 | Build | Farm |
| 24:39 | Build | Farm |
| 24:47 | Create | Villager (Male) |
| 25:00 | Build | Market |
| 25:53 | Create | Villager (Male) |
| 25:53 | Create | Villager (Male) |
| 26:24 | Build | Farm |
| 26:37 | Build | Farm |
| 26:40 | Create | Villager (Male) |
| 26:40 | Create | Villager (Male) |
| 26:56 | Build | Farm |
| 27:10 | Create | Villager (Male) |
| 27:10 | Create | Villager (Male) |
| 27:20 | Build | Farm |
| 27:41 | Build | Farm |
| 28:19 | Build | Farm |
| 28:31 | Create | Villager (Male) |
| 28:31 | Create | Villager (Male) |
| 28:31 | Create | Villager (Male) |
| 28:32 | Create | Villager (Male) |
| 28:36 | Build | Farm |
| 29:22 | Build | Farm |
| 29:23 | Build | Farm |
| 29:35 | Create | Villager (Male) |
| 30:08 | Build | Farm |
| 30:19 | Build | Farm |
| 30:33 | Create | Villager (Male) |
| 30:33 | Create | Villager (Male) |
| 30:48 | Research | Horse Collar |
| 30:57 | Build | Farm |
| 31:18 | Build | House |
| 31:20 | Build | House |
| 31:21 | Build | House |
| 31:33 | Create | Villager (Male) |
| 31:54 | Build | Farm |
| 32:04 | Research | Castle Age |
| 32:20 | Build | Barracks |
| 32:25 | Build | Barracks |
| 34:30 | Create | Villager (Male) |
| 34:30 | Create | Villager (Male) |
| 34:30 | Create | Villager (Male) |
| 34:33 | Create | Villager (Male) |
| 34:51 | Build | Archery Range |
| 34:52 | Age | Castle Age |
| 35:40 | Build | Castle |
| 36:29 | Build | Town Center |
| 36:45 | Research | Bow Saw |
| 36:59 | Research | Squires |
| 37:37 | Create | Villager (Male) |
| 37:37 | Create | Villager (Male) |
| 37:37 | Create | Villager (Male) |
| 37:37 | Create | Villager (Male) |
Build order — Joshua420
First 150 of 524 actions detected
| 0:03 | Build | House |
| 0:04 | Build | House |
| 0:05 | Build | House |
| 0:06 | Create | Villager (Male) |
| 0:06 | Create | Villager (Male) |
| 0:06 | Create | Villager (Male) |
| 0:07 | Create | Villager (Male) |
| 0:07 | Create | Villager (Male) |
| 1:33 | Create | Villager (Male) |
| 1:52 | Build | Lumber Camp |
| 1:53 | Create | Villager (Male) |
| 1:54 | Create | Villager (Male) |
| 2:27 | Create | Villager (Male) |
| 2:59 | Create | Villager (Male) |
| 3:08 | Create | Villager (Male) |
| 3:56 | Build | Mining Camp |
| 4:16 | Create | Villager (Male) |
| 4:42 | Create | Villager (Male) |
| 5:02 | Create | Villager (Male) |
| 5:39 | Create | Villager (Male) |
| 6:06 | Create | Villager (Male) |
| 6:28 | Create | Villager (Male) |
| 6:46 | Build | House |
| 6:49 | Build | House |
| 6:54 | Create | Villager (Male) |
| 7:18 | Create | Villager (Male) |
| 7:45 | Create | Villager (Male) |
| 8:03 | Create | Villager (Male) |
| 8:18 | Build | Mill |
| 9:01 | Research | Feudal Age |
| 9:10 | Build | Barracks |
| 9:35 | Create | Villager (Male) |
| 9:47 | Create | Villager (Male) |
| 9:47 | Create | Villager (Male) |
| 10:43 | Build | Lumber Camp |
| 11:11 | Age | Feudal Age |
| 11:18 | Build | Archery Range |
| 11:29 | Research | Town Watch |
| 11:38 | Research | Double-Bit Axe |
| 11:39 | Create | Villager (Male) |
| 11:39 | Create | Villager (Male) |
| 11:40 | Create | Villager (Male) |
| 11:40 | Create | Villager (Male) |
| 12:14 | Create | Archer |
| 12:14 | Create | Archer |
| 12:16 | Create | Archer |
| 12:19 | Build | House |
| 12:21 | Create | Archer |
| 12:39 | Build | Blacksmith |
| 13:03 | Create | Archer |
| 13:28 | Create | Archer |
| 14:16 | Create | Archer |
| 14:19 | Build | House |
| 14:20 | Build | House |
| 14:24 | Create | Villager (Male) |
| 14:25 | Create | Villager (Male) |
| 14:25 | Create | Villager (Male) |
| 14:25 | Create | Villager (Male) |
| 14:25 | Create | Villager (Male) |
| 14:32 | Build | Farm |
| 14:33 | Build | Farm |
| 14:33 | Build | Farm |
| 14:34 | Build | Farm |
| 14:34 | Build | Farm |
| 14:38 | Research | Fletching |
| 15:32 | Create | Archer |
| 15:32 | Create | Archer |
| 15:33 | Create | Archer |
| 15:33 | Create | Archer |
| 16:17 | Create | Archer |
| 16:18 | Create | Archer |
| 16:38 | Create | Villager (Male) |
| 16:39 | Create | Villager (Male) |
| 16:39 | Create | Villager (Male) |
| 16:39 | Create | Villager (Male) |
| 16:44 | Build | Farm |
| 16:46 | Build | Farm |
| 16:46 | Build | Farm |
| 16:47 | Build | Farm |
| 16:47 | Build | Farm |
| 16:48 | Build | Farm |
| 16:56 | Build | Market |
| 17:00 | Research | Padded Archer Armor |
| 19:47 | Create | Villager (Male) |
| 19:47 | Create | Villager (Male) |
| 19:50 | Build | House |
| 19:51 | Build | House |
| 19:51 | Build | House |
| 19:51 | Build | House |
| 19:51 | Build | House |
| 19:51 | Build | House |
| 19:52 | Build | House |
| 20:20 | Build | Archery Range |
| 20:50 | Create | Villager (Male) |
| 20:57 | Build | Farm |
| 20:57 | Build | Farm |
| 20:58 | Build | Farm |
| 20:58 | Build | Farm |
| 20:58 | Build | Farm |
| 20:59 | Build | Farm |
| 20:59 | Build | Farm |
| 20:59 | Build | Farm |
| 21:00 | Build | Farm |
| 21:00 | Build | Farm |
| 21:01 | Build | Farm |
| 21:01 | Build | Farm |
| 21:02 | Build | Farm |
| 21:02 | Build | Farm |
| 21:09 | Research | Horse Collar |
| 21:13 | Create | Villager (Male) |
| 21:14 | Create | Villager (Male) |
| 21:17 | Build | Lumber Camp |
| 21:29 | Research | Castle Age |
| 22:03 | Build | Archery Range |
| 22:16 | Research | Gold Mining |
| 22:19 | Research | Stone Mining |
| 22:40 | Create | Villager (Male) |
| 22:41 | Create | Villager (Male) |
| 22:41 | Create | Villager (Male) |
| 22:42 | Create | Villager (Male) |
| 22:54 | Build | Barracks |
| 23:01 | Research | Forging |
| 23:07 | Build | House |
| 23:07 | Build | House |
| 23:07 | Build | House |
| 23:08 | Build | House |
| 23:08 | Build | House |
| 23:45 | Research | Scale Mail Armor |
| 23:52 | Create | Villager (Male) |
| 23:53 | Create | Villager (Male) |
| 23:53 | Create | Villager (Male) |
| 23:53 | Create | Villager (Male) |
| 23:54 | Create | Villager (Male) |
| 23:54 | Create | Villager (Male) |
| 23:54 | Create | Villager (Male) |
| 23:54 | Create | Villager (Male) |
| 24:10 | Build | Barracks |
| 24:20 | Age | Castle Age |
| 24:22 | Research | Bow Saw |
| 24:38 | Research | Heavy Plow |
| 24:46 | Research | Pikeman (upgrade) |
| 25:05 | Build | Town Center |
| 25:12 | Create | Villager (Male) |
| 25:13 | Create | Villager (Male) |
| 25:54 | Create | Villager (Male) |
| 25:54 | Create | Villager (Male) |
| 26:09 | Build | University |
| 26:34 | Create | Villager (Male) |
| 26:35 | Create | Villager (Male) |
| 26:35 | Create | Villager (Male) |
Build order — BattlePONY 775
First 150 of 296 actions detected
| 0:06 | Build | House |
| 0:09 | Create | Villager (Male) |
| 0:09 | Create | Villager (Male) |
| 0:09 | Create | Villager (Male) |
| 0:31 | Create | Villager (Male) |
| 1:34 | Create | Villager (Male) |
| 1:55 | Build | House |
| 2:09 | Create | Villager (Male) |
| 2:29 | Create | Villager (Male) |
| 2:37 | Build | Mill |
| 2:58 | Create | Villager (Male) |
| 3:12 | Create | Villager (Male) |
| 3:51 | Create | Villager (Male) |
| 4:02 | Build | House |
| 4:09 | Create | Villager (Male) |
| 4:10 | Create | Villager (Male) |
| 4:41 | Build | House |
| 4:48 | Create | Villager (Male) |
| 4:48 | Create | Villager (Male) |
| 5:11 | Create | Villager (Male) |
| 5:48 | Create | Villager (Male) |
| 6:17 | Create | Villager (Male) |
| 6:49 | Create | Villager (Male) |
| 7:28 | Build | Lumber Camp |
| 7:36 | Create | Villager (Male) |
| 7:55 | Research | Feudal Age |
| 9:05 | Build | House |
| 9:07 | Build | House |
| 9:08 | Build | House |
| 9:08 | Build | House |
| 10:19 | Build | Mining Camp |
| 10:22 | Research | Town Watch |
| 10:24 | Research | Horse Collar |
| 10:30 | Research | Double-Bit Axe |
| 10:35 | Create | Villager (Male) |
| 10:36 | Create | Villager (Male) |
| 10:36 | Create | Villager (Male) |
| 10:36 | Create | Villager (Male) |
| 10:36 | Create | Villager (Male) |
| 10:36 | Create | Villager (Male) |
| 11:21 | Build | House |
| 11:22 | Build | House |
| 11:23 | Build | House |
| 11:24 | Build | House |
| 12:33 | Create | Villager (Male) |
| 12:34 | Create | Villager (Male) |
| 12:34 | Create | Villager (Male) |
| 12:34 | Create | Villager (Male) |
| 12:34 | Create | Villager (Male) |
| 12:35 | Create | Villager (Male) |
| 12:35 | Create | Villager (Male) |
| 12:45 | Build | Farm |
| 12:46 | Build | Farm |
| 12:47 | Build | Farm |
| 12:49 | Build | Farm |
| 12:50 | Build | Farm |
| 12:52 | Build | Farm |
| 12:54 | Build | Farm |
| 12:56 | Build | Farm |
| 13:07 | Build | Farm |
| 13:34 | Build | Barracks |
| 14:04 | Build | Blacksmith |
| 14:55 | Build | Farm |
| 14:57 | Build | Farm |
| 14:58 | Build | Farm |
| 14:59 | Build | Farm |
| 15:21 | Build | Outpost |
| 15:39 | Research | Man-at-Arms (upgrade) |
| 15:40 | Create | Militia |
| 15:40 | Create | Militia |
| 15:40 | Create | Militia |
| 15:54 | Build | Farm |
| 15:56 | Build | Farm |
| 16:10 | Create | Villager (Male) |
| 16:10 | Create | Villager (Male) |
| 16:23 | Build | Stone Wall |
| 16:29 | Build | Gate |
| 16:58 | Create | Villager (Male) |
| 16:58 | Create | Villager (Male) |
| 17:09 | Build | Mining Camp |
| 17:21 | Create | Militia |
| 17:21 | Create | Militia |
| 17:35 | Build | Market |
| 18:06 | Create | Militia |
| 18:07 | Create | Militia |
| 18:47 | Build | Stone Wall |
| 18:52 | Create | Villager (Male) |
| 18:52 | Create | Villager (Male) |
| 20:02 | Research | Castle Age |
| 20:08 | Create | Militia |
| 20:08 | Create | Militia |
| 20:08 | Create | Militia |
| 20:22 | Build | House |
| 20:24 | Build | House |
| 20:25 | Build | House |
| 20:26 | Build | House |
| 20:27 | Build | House |
| 20:28 | Build | House |
| 20:37 | Create | Militia |
| 20:37 | Create | Militia |
| 20:42 | Research | Forging |
| 21:44 | Research | Fletching |
| 22:32 | Research | Wheelbarrow |
| 22:44 | Research | Heavy Plow |
| 23:03 | Build | Town Center |
| 23:06 | Research | Bow Saw |
| 23:28 | Build | Castle |
| 23:37 | Research | Long Swordsman (upgrade) |
| 23:37 | Research | Squires |
| 24:10 | Create | Villager (Male) |
| 24:10 | Create | Villager (Male) |
| 24:11 | Create | Villager (Male) |
| 24:11 | Create | Villager (Male) |
| 24:11 | Create | Villager (Male) |
| 24:46 | Build | Castle |
| 24:58 | Create | Villager (Male) |
| 24:58 | Create | Villager (Male) |
| 25:08 | Build | Farm |
| 25:10 | Build | Farm |
| 25:11 | Build | Farm |
| 25:12 | Build | Farm |
| 25:13 | Build | Farm |
| 25:14 | Build | Farm |
| 25:15 | Build | Farm |
| 25:16 | Build | Farm |
| 25:29 | Create | Villager (Male) |
| 25:30 | Create | Villager (Male) |
| 25:30 | Create | Villager (Male) |
| 25:30 | Create | Villager (Male) |
| 25:43 | Research | Pikeman (upgrade) |
| 26:17 | Create | Villager (Male) |
| 26:17 | Create | Villager (Male) |
| 26:17 | Create | Villager (Male) |
| 26:17 | Create | Villager (Male) |
| 26:18 | Create | Villager (Male) |
| 26:18 | Create | Villager (Male) |
| 26:41 | Build | Farm |
| 26:57 | Build | Mining Camp |
| 27:00 | Create | Hussite Wagon |
| 27:01 | Create | Hussite Wagon |
| 27:01 | Create | Hussite Wagon |
| 27:14 | Build | Siege Workshop |
| 27:41 | Create | Villager (Male) |
| 27:41 | Create | Villager (Male) |
| 27:41 | Create | Villager (Male) |
| 27:41 | Create | Villager (Male) |
| 28:00 | Create | Hussite Wagon |
| 28:00 | Create | Hussite Wagon |
| 28:45 | Research | Imperial Age |
| 29:05 | Build | University |
Build order — Supiluliuma
First 150 of 227 actions detected
| 0:01 | Create | Villager (Male) |
| 0:02 | Research | Loom |
| 0:03 | Create | Villager (Male) |
| 0:03 | Create | Villager (Male) |
| 0:03 | Create | Villager (Male) |
| 0:03 | Create | Villager (Male) |
| 0:07 | Build | House |
| 0:08 | Build | House |
| 0:09 | Build | House |
| 0:11 | Build | House |
| 1:57 | Create | Villager (Male) |
| 2:30 | Create | Villager (Male) |
| 2:30 | Create | Villager (Male) |
| 3:08 | Build | Lumber Camp |
| 3:12 | Create | Villager (Male) |
| 3:12 | Create | Villager (Male) |
| 3:34 | Create | Villager (Male) |
| 3:34 | Create | Villager (Male) |
| 4:01 | Create | Villager (Male) |
| 4:01 | Create | Villager (Male) |
| 4:18 | Create | Villager (Male) |
| 4:18 | Create | Villager (Male) |
| 4:55 | Create | Villager (Male) |
| 4:55 | Create | Villager (Male) |
| 4:55 | Create | Villager (Male) |
| 5:30 | Create | Villager (Male) |
| 6:11 | Create | Villager (Male) |
| 6:11 | Create | Villager (Male) |
| 6:40 | Create | Villager (Male) |
| 6:40 | Create | Villager (Male) |
| 7:08 | Create | Villager (Male) |
| 7:40 | Create | Villager (Male) |
| 8:20 | Research | Feudal Age |
| 8:28 | Build | House |
| 8:29 | Build | House |
| 8:30 | Build | House |
| 9:55 | Create | Villager (Male) |
| 9:55 | Create | Villager (Male) |
| 9:55 | Create | Villager (Male) |
| 9:56 | Create | Villager (Male) |
| 10:14 | Build | Mill |
| 10:30 | Age | Feudal Age |
| 10:34 | Create | Villager (Male) |
| 10:34 | Create | Villager (Male) |
| 10:48 | Create | Villager (Male) |
| 10:56 | Build | Mining Camp |
| 10:59 | Build | Farm |
| 11:22 | Build | Farm |
| 11:24 | Build | Farm |
| 11:26 | Build | Farm |
| 11:38 | Build | Farm |
| 11:44 | Build | Farm |
| 11:53 | Build | Farm |
| 12:05 | Build | Market |
| 12:19 | Create | Villager (Male) |
| 12:41 | Build | Mining Camp |
| 12:52 | Create | Villager (Male) |
| 13:12 | Create | Villager (Male) |
| 13:53 | Create | Villager (Male) |
| 14:14 | Create | Villager (Male) |
| 14:22 | Build | Blacksmith |
| 14:31 | Create | Villager (Male) |
| 14:49 | Build | Farm |
| 15:04 | Create | Villager (Male) |
| 15:12 | Build | Farm |
| 15:21 | Build | House |
| 15:22 | Build | House |
| 15:34 | Research | Castle Age |
| 15:42 | Build | Farm |
| 15:59 | Research | Double-Bit Axe |
| 16:22 | Research | Stone Mining |
| 17:05 | Create | Villager (Male) |
| 17:05 | Create | Villager (Male) |
| 17:05 | Create | Villager (Male) |
| 17:05 | Create | Villager (Male) |
| 17:14 | Create | Villager (Male) |
| 17:28 | Create | Villager (Male) |
| 17:29 | Create | Villager (Male) |
| 18:14 | Age | Castle Age |
| 18:26 | Build | Town Center |
| 19:40 | Create | Villager (Male) |
| 19:40 | Create | Villager (Male) |
| 19:40 | Create | Villager (Male) |
| 19:41 | Create | Villager (Male) |
| 19:41 | Create | Villager (Male) |
| 20:03 | Build | Castle |
| 20:51 | Build | University |
| 21:01 | Create | Villager (Male) |
| 21:01 | Create | Villager (Male) |
| 21:01 | Create | Villager (Male) |
| 21:02 | Create | Villager (Male) |
| 21:02 | Create | Villager (Male) |
| 21:39 | Create | Trade Cart |
| 21:39 | Create | Trade Cart |
| 21:44 | Create | Villager (Male) |
| 21:44 | Create | Villager (Male) |
| 21:44 | Create | Villager (Male) |
| 21:45 | Create | Villager (Male) |
| 21:45 | Create | Villager (Male) |
| 21:52 | Create | Villager (Male) |
| 22:30 | Build | Farm |
| 22:42 | Build | Farm |
| 22:46 | Research | Bow Saw |
| 23:06 | Build | Farm |
| 23:16 | Create | Villager (Male) |
| 23:16 | Create | Villager (Male) |
| 23:16 | Create | Villager (Male) |
| 23:17 | Create | Villager (Male) |
| 23:17 | Create | Villager (Male) |
| 23:27 | Create | Villager (Male) |
| 23:27 | Create | Villager (Male) |
| 23:27 | Create | Villager (Male) |
| 23:28 | Create | Villager (Male) |
| 23:28 | Create | Villager (Male) |
| 23:49 | Build | Farm |
| 23:50 | Build | Farm |
| 23:52 | Build | Farm |
| 23:55 | Build | Farm |
| 23:56 | Build | Farm |
| 23:57 | Build | Farm |
| 24:03 | Build | Farm |
| 24:45 | Build | Farm |
| 24:51 | Build | Farm |
| 24:57 | Create | Villager (Male) |
| 24:57 | Create | Villager (Male) |
| 24:57 | Create | Villager (Male) |
| 24:57 | Create | Villager (Male) |
| 24:57 | Create | Villager (Male) |
| 25:22 | Build | Farm |
| 25:25 | Create | Villager (Male) |
| 25:25 | Create | Villager (Male) |
| 25:26 | Create | Villager (Male) |
| 25:26 | Create | Villager (Male) |
| 25:26 | Create | Villager (Male) |
| 25:32 | Create | Trade Cart |
| 25:32 | Create | Trade Cart |
| 25:50 | Build | Castle |
| 26:06 | Build | Mining Camp |
| 26:28 | Build | House |
| 26:34 | Build | House |
| 26:44 | Research | Imperial Age |
| 27:00 | Create | Trade Cart |
| 27:01 | Create | Trade Cart |
| 27:01 | Create | Trade Cart |
| 27:01 | Create | Trade Cart |
| 27:01 | Create | Trade Cart |
| 27:02 | Create | Trade Cart |
| 27:13 | Build | Farm |
| 27:17 | Build | Farm |
| 27:19 | Build | Farm |
Match timeline
| 9:10 | Joshua420 · first_building Barracks |
| 9:44 | savvas1987 · first_building Barracks |
| 10:11 | aggieben99 · first_building Barracks |
| 10:30 | Supiluliuma · age_up feudal |
| 11:11 | Joshua420 · age_up feudal |
| 11:18 | Joshua420 · first_building Archery Range |
| 11:29 | Chiquitajje · age_up feudal |
| 12:18 | Mr P00pee B H0le · age_up feudal |
| 12:18 | BottleDry · age_up feudal |
| 12:22 | Chiquitajje · first_building Siege Workshop |
| 12:40 | aggieben99 · age_up feudal |
| 13:33 | BottleDry · wall_segment Stone Wall x12 |
| 13:34 | BattlePONY 775 · first_building Barracks |
| 13:36 | BottleDry · wall_segment Stone Wall x10 |
| 13:37 | savvas1987 · age_up feudal |
| 13:39 | Mr P00pee B H0le · first_market_sell 100 food |
| 13:45 | savvas1987 · first_building Archery Range |
| 13:48 | savvas1987 · first_building Stable |
| 13:58 | BottleDry · wall_segment Stone Wall x8 |
| 14:45 | Chiquitajje · first_building Barracks |
| 15:16 | aggieben99 · first_building Archery Range |
| 15:44 | Mr P00pee B H0le · first_building Barracks |
| 15:50 | BottleDry · age_up castle |
| 15:58 | BottleDry · first_building Barracks |
| 16:21 | Mr P00pee B H0le · age_up castle |
| 16:23 | BattlePONY 775 · wall_segment Stone Wall x14 |
| 16:35 | Mr P00pee B H0le · first_building Castle |
| 17:07 | Mr P00pee B H0le · first_building Stable |
| 17:20 | BottleDry · first_building Archery Range |
| 18:14 | Supiluliuma · age_up castle |
| 18:20 | BottleDry · first_market_buy 100 food |
| 18:40 | BottleDry · first_building Castle |
| 18:45 | savvas1987 · age_up castle |
| 18:47 | BattlePONY 775 · wall_segment Stone Wall x1 |
| 19:02 | savvas1987 · first_building Monastery |
| 19:26 | Chiquitajje · first_building Stable |
| 20:03 | Supiluliuma · first_building Castle |
| 21:22 | Joshua420 · first_market_buy 100 food |
| 21:59 | BottleDry · wall_segment Stone Wall x9 |
| 22:03 | BottleDry · wall_segment Stone Wall x5 |
| 22:13 | Mr P00pee B H0le · tribute_sent a jugador 2 |
| 22:13 | Mr P00pee B H0le · tribute_sent a jugador 3 |
| 22:13 | Mr P00pee B H0le · tribute_sent a jugador 4 |
| 22:13 | Mr P00pee B H0le · tribute_sent a jugador 5 |
| 22:13 | Mr P00pee B H0le · tribute_sent a jugador 6 |
| 22:13 | Mr P00pee B H0le · tribute_sent a jugador 7 |
| 22:13 | Mr P00pee B H0le · tribute_sent a jugador 8 |
| 22:42 | Mr P00pee B H0le · first_market_buy 100 stone |
| 23:28 | BattlePONY 775 · first_building Castle |
| 24:20 | Joshua420 · age_up castle |
| 24:28 | Mr P00pee B H0le · first_building Siege Workshop |
| 24:37 | BattlePONY 775 · first_market_buy 100 stone |
| 24:39 | savvas1987 · first_building Siege Workshop |
| 24:53 | Chiquitajje · first_market_buy 100 food |
| 24:59 | Joshua420 · first_market_sell 100 food |
| 27:14 | BattlePONY 775 · first_building Siege Workshop |
| 27:14 | savvas1987 · first_building Castle |
| 27:55 | Chiquitajje · age_up castle |
| 28:10 | BottleDry · first_building Monastery |
| 28:11 | Chiquitajje · first_building Castle |
| 28:15 | Supiluliuma · first_building Stable |
| 28:19 | Joshua420 · first_building Siege Workshop |
| 28:43 | BottleDry · first_market_sell 100 stone |
| 29:13 | Chiquitajje · wall_segment Palisade Wall x1 |
| 29:54 | Supiluliuma · age_up imperial |
| 29:54 | Joshua420 · wall_segment Stone Wall x5 |
| 29:57 | Chiquitajje · wall_segment Palisade Wall x1 |
| 29:59 | Chiquitajje · wall_segment Palisade Wall x1 |
| 32:31 | savvas1987 · age_up imperial |
| 32:43 | Joshua420 · first_building Castle |
| 33:21 | BottleDry · first_building Siege Workshop |
| 34:13 | BattlePONY 775 · first_market_sell 100 food |
| 34:52 | aggieben99 · age_up castle |
| 35:24 | Supiluliuma · resign |
| 35:40 | aggieben99 · first_building Castle |
| 36:07 | Chiquitajje · first_market_sell 100 food |
| 36:18 | aggieben99 · first_market_sell 100 wood |
| 36:21 | aggieben99 · first_market_buy 100 stone |
| 36:58 | Joshua420 · age_up imperial |
| 38:10 | BottleDry · age_up imperial |
| 39:22 | Chiquitajje · age_up imperial |
| 41:02 | aggieben99 · first_building Siege Workshop |
| 41:11 | Joshua420 · first_building Stable |
| 41:15 | BattlePONY 775 · wall_segment Stone Wall x8 |
| 41:29 | Mr P00pee B H0le · age_up imperial |
| 48:39 | BottleDry · first_building Stable |
| 52:41 | Mr P00pee B H0le · first_building Archery Range |
[ AI ANALYSIS · 1 CREDIT ]
What really happened in this match?
Wolo.gg analyzes every decision: build order, eco, micro, common mistakes by bracket. Personalized analysis on WhatsApp or Discord in 30 seconds.
Civ guide
Cumans
Perfil
Jugador #8420913